 Dungeon Crawl Stone Soup version 0.31-a0-1570-g93c622d222 (webtiles) character file.

Game seed: 681014919960034717

12494 Lobster4 the Zephyrmancer (level 11, -3/61 HPs)
             Began as a Tengu Air Elementalist on Jan 3, 2024.
             Was an Initiate of Gozag.
             Shot with a sling bullet by Joseph (21 damage)
             ... on level 10 of the Dungeon.
             The game lasted 00:45:39 (15309 turns).

Lobster4 the Zephyrmancer (Tengu Air Elementalist) Turns: 15309, Time: 00:45:40

Health: -3/61      AC: 10    Str: 14    XL:     11   Next: 94%
Magic:  18/21      EV: 17    Int: 27    God:    Gozag
Gold:   1814       SH:  0    Dex: 14    Spells: 0/22 levels left

rFire   . . .        a - +3 rapier (speed)
rCold   . . .        (no shield)
rNeg    . . .        L - +2 robe {Will+}
rPois   .            n - +2 hat
rElec   .            s - +0 cloak
rCorr   .            o - +2 pair of gloves
SInv    .            (boots unavailable)
Will    +....        (no amulet)
Stlth   ++           u - +6 ring of strength
HPRegen 0.30/turn    r - +6 ring of intelligence
MPRegen 0.17/turn

%: acrobat
@: flying
A: beak, talons 3, evasive flight, acrobatic
a: Renounce Religion, Potion Petition, Call Merchant, Bribe Branch


You were on level 10 of the Dungeon.
You worshipped Gozag.
Gozag was most pleased with you.
You visited 1 branch of the dungeon, and saw 10 of its levels.
You also visited: Sewer and Bailey.

You collected 2125 gold pieces.
You spent 270 gold pieces at shops.
You paid 41 gold pieces to Gozag.

Inventory:

Hand Weapons
 a - a +3 rapier of speed (weapon)
 b - the +1 sling of Xuseuh {elec, Will+ Str+4}
   (You took it off an orc warrior in a bailey)

   Str+4:     It affects your strength (+4).
   Will+:     It increases your willpower.
Missiles
 f - 15 poisoned darts
 z - 2 throwing nets
Armour
 d - a +1 kite shield of reflection
 n - a +2 hat (worn)
 o - a +2 pair of gloves (worn)
 s - a +0 cloak (worn)
 L - a +2 robe of willpower (worn)
Jewellery
 g - a ring of see invisible
 r - a +6 ring of intelligence (right hand)
 u - a +6 ring of strength (left hand)
Wands
 t - a wand of acid (10)
 w - a wand of charming (18)
 x - a wand of iceblast (5)
Scrolls
 c - 3 scrolls of teleportation
 e - 3 scrolls of noise
 i - a scroll of identify
 m - 2 scrolls of blinking
 A - 4 scrolls of fog
 C - a scroll of brand weapon
 D - 2 scrolls of amnesia
 E - a scroll of enchant weapon
 F - a scroll of enchant armour {unknown}
 G - 2 scrolls of fear {unknown}
 I - a scroll of summoning {unknown}
Potions
 h - a potion of haste
 j - a potion of enlightenment
 k - 3 potions of mutation
 l - 2 potions of might
 p - 4 potions of attraction
 q - 2 potions of brilliance
 v - 3 potions of lignification
 B - 2 potions of berserk rage
 H - 2 potions of heal wounds
 K - a potion of ambrosia
Miscellaneous
 y - a lightning rod (4/4)
 J - a sack of spiders


   Skills:
 + Level 4.1 Fighting
 - Level 1.0 Short Blades
 - Level 3.0 Ranged Weapons
 - Level 4.0 Armour
 - Level 4.0 Dodging
 - Level 2.0 Stealth
 + Level 6.9 Shields
 + Level 6.4 Spellcasting
 + Level 8.3 Conjurations
 - Level 1.0 Translocations
 + Level 2.9 Fire Magic
 + Level 1.2 Ice Magic
 * Level 14.7 Air Magic
 - Level 3.0 Earth Magic
 - Level 3.0 Evocations


You couldn't memorise any spells.
You knew the following spells:

 Your Spells              Type           Power      Damage    Failure   Level
a - Shock                 Conj/Air       100%       1d9       1%          1
b - Static Discharge      Conj/Air       100%       3-8/arc   1%          2
c - Stone Arrow           Conj/Erth      78%        3d11      1%          3
d - Airstrike             Air            36%        2d(6-22)  1%          4
e - Mercury Vapours       Alch/Air       96%        N/A       1%          2
f - Freezing Cloud        Conj/Ice/Air   25%        6-21      6%          5
s - Swiftness             Air            73%        N/A       1%          3
x - Blink                 Tloc           28%        N/A       6%          2

Your spell library contained the following spells:

 Spells                   Type           Power      Damage    Failure   Level
 Foxfire                  Conj/Fire      100%       2x1d9     1%          1
 Kiss of Death            Conj/Necr      100%       2d13      1%          1
 Magic Dart               Conj           100%       1d8       1%          1
 Sandblast                Erth           48%        2d12      1%          1
 Mephitic Cloud           Conj/Alch/Air  50%        N/A       1%          3
 Passwall                 Erth           24%        N/A       5%          3
 Summon Small Mammal      Summ           32%        N/A       6%          1
 Lesser Beckoning         Tloc           28%        N/A       6%          2
 Brom's Barrelling Bould  Conj/Erth      39%        2d6       6%          4
 Call Imp                 Summ           16%        N/A       10%         2
 Frozen Ramparts          Ice            30%        1d5       11%         3
 Gell's Gravitas          Tloc           14%        N/A       12%         3
 Teleport Other           Tloc           14%        N/A       12%         3
 Call Canine Familiar     Summ           8%         N/A       19%         3
 Confusing Touch          Hex            8%         N/A       19%         3
 Tukima's Dance           Hex            8%         N/A       19%         3
 Plasma Beam              Fire/Air       27%        2x1d39    26%         6
 Leda's Liquefaction      Alch/Erth      8%         N/A       32%         4
 Petrify                  Alch/Erth      16%        N/A       32%         4
 Summon Blazeheart Golem  Fire/Summ      16%        N/A       32%         4
 Dispel Undead            Necr           8%         3d8       52%         4
 Metabolic Englaciation   Hex/Ice        6%         N/A       80%         5
 Discord                  Hex            4%         N/A       100%        8
 Ignition                 Fire           12%        3d6       100%        8


Dungeon Overview and Level Annotations

Branches:
Dungeon (10/15)            Temple (0/1) D:6           Sewer (visited)
 Bailey (visited)
   Lair: D:8-11         Orc: D:9-12

Altars:
Ashenzari
Dithmenos
Fedhas
Gozag
Hepliaklqana
Kikubaaqudgha
Makhleb
Nemelex Xobeh
Sif Muna
Trog
Uskayaw
Zin

Shops:
D:1 :   D:5 *   D:10 [

Annotations:
D:10 Joseph


Innate Abilities, Weirdness & Mutations

You have a beak for a mouth.
You have claws for feet.
Your magical flight helps you evade attacks. (EV +4)
You can magically evade attacks while moving or waiting.


Message History

Aiming: Airstrike (safe; 1% risk of failure)
Press: ? - help, Dir - move target, f/p - redback
Aim: a redback (almost dead, empty space bonus: 8/8)
The air twists around and strikes the redback!
You kill the redback!
You see here a +0 dagger.
You now have 1810 gold pieces (gained 7).
You now have 1814 gold pieces (gained 4).
You reach down and open the door.
There is an open door here.
Found a faded altar of an unknown god and a hazy altar of Hepliaklqana.
Found a faded altar of an unknown god.
Found a glowing silver altar of Zin.
Found a hide-covered altar of Uskayaw.
There is an open door here.
Joseph, a Mercenary comes into view.
He is wielding a +0 quarterstaff.
Casting: Airstrike (safe; 1% risk of failure)
Confirm with . or Enter, or press ? or * to list all spells.
Aiming: Airstrike (safe; 1% risk of failure)
Press: ? - help, Dir - move target, f - Joseph
Aim: Joseph, wielding a +0 quarterstaff, wearing a +0 ring mail and quivering stones (wandering, hasn't noticed you, empty space bonus: 5/8)
The air twists around and strikes Joseph!!
Joseph shouts!
Joseph is moderately wounded.
Joseph unwields a +0 quarterstaff.
Joseph wields a +2 heavy sling.
Joseph shoots a sling bullet.
The sling bullet hits you!!
Joseph throws a stone.
The stone completely misses you.
Joseph shoots a sling bullet.
The sling bullet hits you!!
An orc wizard comes into view.
It is wielding a +0 dagger and wearing a +2 robe of positive energy.
The orc wizard shouts!
A slime creature comes into view.
Joseph shoots a sling bullet.
The sling bullet completely misses you.
The slime creature quivers.
The orc wizard points at you and mumbles some strange words.
The puff of flame hits you.
* * * LOW HITPOINT WARNING * * *
There is a stone staircase leading up here.
Joseph shoots a sling bullet.
The sling bullet hits you!!
You die...
Your body crumbles into a pile of gold.

## ###. ##.## #....
####...##..... ##...........#
####............# .
#..#...........#...
..........#.#...?......#.... #
#............@...........#.... ##
............#.#......#........ .#
#...................#........# .#
#.#.........$$...##...W.......
.###.#..##.........o#............
..##.#................##.........
.._#..###..................$.....
..##...##.........@...#..........
.##.........###.......#..........


You could see Joseph and an orc wizard.

Vanquished Creatures
  An orc warlord (Bailey)
  A fire dragon (D:10)
  2 two-headed ogres
  A cyclops (D:10)
  A manticore (D:10)
  An unseen horror (D:10)
  A komodo dragon (D:10)
  2 trolls
  3 shadows
  4 wyverns
  A yak (D:10)
  A wraith (D:10)
  A vampire mosquito (D:10)
  A basilisk (D:10)
  A steam dragon (D:7)
  Edmund (D:6)
  Menkaure (D:7)
  A redback (D:10)
  An acid dragon (D:9)
  2 water moccasins
  A black bear (D:6)
  A sky beast (D:6)
  Pargi (Sewer)
  15 orc warriors
  6 ice beasts
  3 ogres
  5 centaurs
  A phantom (D:6)
  A kobold brigand (D:10)
  Blork the orc (D:6)
  A brain worm (Sewer)
  4 bullfrogs
  2 gnoll sergeants
  A scorpion (D:4)
  10 wights (D:9)
  10 killer bees
  4 howler monkeys
  3 bombardier beetles
  3 hounds (D:4)
  3 orc priests
  A jelly (D:8)
  2 gnoll boudas
  An iguana (D:4)
  11 orc wizards
  25 gnolls
  3 adders
  2 shadow imps
  A white imp (D:7)
  2 ufetubi (D:6)
  2 dart slugs (D:1)
  A ribbon worm (D:3)
  36 orcs
  6 ball pythons
  6 endoplasms
  5 giant cockroaches
  16 goblins
  14 hobgoblins
  5 jackals
  9 kobolds
  2 quokkas (D:6)
  13 bats
  A frilled lizard (D:2)
  2 rats
270 creatures vanquished.

Notes
Turn   | Place    | Note
-------+----------+-------------------------------------------
     0 | D:1      | Lobster4 the Tengu Air Elementalist began the quest for the
                  | Orb.
     0 | D:1      | Reached XP level 1. HP: 10/10 MP: 4/4
   104 | D:1      | Reached XP level 2. HP: 16/16 MP: 4/6
   883 | D:1      | You fall into a shaft and drop 1 floor!
   902 | D:1      | Reached XP level 3. HP: 19/20 MP: 2/7
   985 | D:1      | Reached skill level 1 in Armour
  1258 | D:1      | Found Ivvienic's Book Boutique.
  1266 | D:1      | Learned a level 3 spell: Swiftness
  1627 | D:2      | Learned a level 2 spell: Static Discharge
  1850 | D:2      | Reached skill level 1 in Fighting
  2465 | D:3      | Reached XP level 4. HP: 25/25 MP: 5/8
  2554 | D:3      | Reached skill level 5 in Air Magic
  3001 | D:3      | Found a burning altar of Makhleb.
  3471 | D:4      | Reached skill level 1 in Short Blades
  3471 | D:4      | Reached XP level 5. HP: 23/29 MP: 3/9
  3539 | D:4      | Found a shadowy altar of Dithmenos.
  3810 | D:4      | Reached skill level 6 in Air Magic
  3811 | D:4      | Reached XP level 6. HP: 32/34 MP: 4/11
  3960 | D:4      | Noticed a water moccasin
  4289 | D:4      | Killed a water moccasin
  4290 | D:4      | Reached skill level 7 in Air Magic
  4290 | D:4      | Reached skill level 1 in Evocations
  4487 | D:5      | Entered Level 5 of the Dungeon
  4516 | D:5      | Found an opulent altar of Gozag.
  4517 | D:5      | Found Gozag's Platinum Reserve.
  4547 | D:5      | Gained mutation: Your magical flight helps you evade
                  | attacks. (EV +4) [Tengu growth]
  4547 | D:5      | Reached XP level 7. HP: 36/38 MP: 6/12
  4649 | D:5      | Became a worshipper of Gozag Ym Sagoz the Greedy
  5441 | D:6      | Reached skill level 1 in Shields
  5441 | D:6      | Reached skill level 8 in Air Magic
  5441 | D:6      | Found a shimmering blue altar of Sif Muna.
  5490 | D:6      | Found an ancient bone altar of Kikubaaqudgha.
  5523 | D:6      | Learned a level 4 spell: Airstrike
  5734 | D:6      | Found a glowing drain.
  5741 | Sewer    | Entered a sewer
  5810 | Sewer    | Reached XP level 8. HP: 43/43 MP: 6/13
  5913 | Sewer    | Noticed Pargi
  5932 | Sewer    | Killed Pargi
  6127 | D:6      | Reached skill level 9 in Air Magic
  6401 | D:6      | Noticed Edmund
  6423 | D:6      | Killed Edmund
  6535 | D:6      | Found a staircase to the Ecumenical Temple.
  6595 | D:6      | Noticed Blork the orc
  6615 | D:6      | Killed Blork the orc
  6776 | D:6      | Reached skill level 10 in Air Magic
  7152 | D:6      | Found a sparkling altar of Nemelex Xobeh.
  7501 | D:7      | Reached XP level 9. HP: 47/47 MP: 7/16
  7779 | D:7      | Found a blossoming altar of Fedhas.
  7807 | D:7      | Reached skill level 11 in Air Magic
  8281 | D:7      | Reached skill level 5 in Spellcasting
  8525 | D:7      | Noticed Menkaure
  8526 | D:7      | Killed Menkaure
  8527 | D:7      | Reached skill level 5 in Conjurations
  8637 | D:7      | Learned a level 3 spell: Stone Arrow
  9495 | D:8      | Reached skill level 12 in Air Magic
  9896 | D:8      | Reached skill level 5 in Shields
  9896 | D:8      | Reached skill level 1 in Earth Magic
  9896 | D:8      | Reached XP level 10. HP: 52/52 MP: 12/18
 10761 | D:9      | Noticed a two-headed ogre
 10764 | D:9      | Killed a two-headed ogre
 11068 | D:9      | Reached skill level 13 in Air Magic
 11150 | D:9      | Found a flagged portal.
 11160 | Bailey   | Entered a bailey
 11854 | Bailey   | Identified the +1 sling of Xuseuh {elec, Will+ Str+4}
 12199 | Bailey   | Learned a level 2 spell: Mercury Vapours
 12334 | Bailey   | Noticed an orc warlord
 12392 | Bailey   | Killed an orc warlord
 12393 | Bailey   | Reached skill level 1 in Ranged Weapons
 12393 | Bailey   | Reached XP level 11. HP: 30/60 MP: 11/20
 12653 | Bailey   | Acquired the Treatise on the Maleficium and the Volcano
 12733 | D:9      | Learned a level 2 spell: Blink
 12944 | D:9      | Found a broken altar of Ashenzari.
 13125 | D:9      | Found a bloodstained altar of Trog.
 13225 | D:10     | Entered Level 10 of the Dungeon
 13287 | D:10     | Reached skill level 14 in Air Magic
 13287 | D:10     | Noticed a two-headed ogre
 13301 | D:10     | Killed a two-headed ogre
 13302 | D:10     | Reached skill level 1 in Fire Magic
 13484 | D:10     | Found Beg Caepp's Antique Armour Emporium.
 13532 | D:10     | Bought a pair of embroidered gloves for 270 gold pieces
 13729 | D:10     | Reached skill level 1 in Translocations
 14283 | D:10     | Noticed a fire dragon
 14305 | D:10     | Noticed a fire dragon
 14316 | D:10     | Noticed a two-headed ogre
 14428 | D:9      | Learned a level 5 spell: Freezing Cloud
 14453 | D:10     | Noticed a manticore
 14492 | D:10     | Killed a manticore
 14677 | D:10     | Noticed an ogre mage
 14689 | D:10     | Noticed a cyclops
 14691 | D:10     | Killed a cyclops
 14922 | D:10     | Killed a fire dragon
 14923 | D:10     | Reached skill level 1 in Ice Magic
 15242 | D:10     | Found a faded altar of an unknown god.
 15242 | D:10     | Found a hazy altar of Hepliaklqana.
 15250 | D:10     | Found a faded altar of an unknown god.
 15252 | D:10     | Found a glowing silver altar of Zin.
 15254 | D:10     | Found a hide-covered altar of Uskayaw.
 15301 | D:10     | Noticed Joseph
 15309 | D:10     | Shot with a sling bullet by Joseph

Illustrated notes

Levels and vault maps discovered:
D:1:      minmay_arrival_checkered_box, layout_basic, serial_shops,
          nicolae_shop_real_fake_doors, minmay_shallow_snake_nest
D:2:      layout_basic, minmay_misc_feat_square, minmay_tetromino_i4
D:3:      layout_loops_ring, mainiacjoe_overflow_brackets, st_stairs_11,
          nicolae_grassy_gnolls
D:4:      layout_basic, mainiacjoe_overflow_catwalk
D:5:      layout_cave_pools, nicolae_gozag_zags_fifth_avenue,
          nicolae_concentric_dashed_squares_mild, kennysheep_small_spiral,
          nicolae_elevator_lobby_plus
D:6:      layout_basic, mainiacjoe_overflow_catch_the_wave,
          general_overflow_altar, minmay_temple_entry_nine_rooms,
          gup_sewer_entry_pipe, nicolae_zen_rock_garden, uniq_blork_the_orc,
          uniq_edmund
D:7:      layout_layer_cave, mainiacjoe_overflow_alcove_1,
          kennysheep_generic_room_16, uniq_menkaure
D:8:      layout_gridville, minmay_misc_feat_plants,
          hangedman_abyss_or_decor_passed, minmay_tree_intersection
D:9:      layout_roguey, mainiacjoe_overflow_six_doors_small, trog_antimagical,
          enter_bailey_8
D:10:     nzn_winding_woodlands_large [nzn_winding_woodlands_5x5_cross,
          nzn_winding_woodlands_5x15_crooked,
          nzn_winding_woodlands_5x5_open_star,
          nzn_winding_woodlands_center_diamonds,
          nzn_winding_woodlands_15x15_thick_spiral,
          nzn_winding_woodlands_center_lodge, nzn_winding_woodlands_5x5_default,
          nzn_winding_woodlands_5x15_river_crossing,
          nzn_winding_woodlands_5x5_closed_star], layout_cave_pools,
          chequers_temple_overflow_minitemple, serial_shops, shop, st_stairs_14,
          item_on_display_a, uniq_joseph

Skill      XL: |  1  2  3  4  5  6  7  8  9 10 11 |
---------------+----------------------------------+-----
Armour         | 1 2 3 4 |  4.0
Conjurations   | 2 3 5 7 8 |  8.3
Fighting       | 1 3 4 |  4.1
Air Magic      | 5 6 7 8 10 12 13 14 | 14.7
Short Blades   | 1 |  1.0
Spellcasting   | 3 4 5 6 |  6.4
Evocations     | 1 2 3 |  3.0
Shields        | 1 3 5 6 |  6.9
Dodging        | 3 4 |  4.0
Earth Magic    | 1 2 3 |  3.0
Ranged Weapons | 1 3 |  3.0
Fire Magic     | 2 |  2.9
Translocations | 1 |  1.0
Ice Magic      | 1 |  1.2
Stealth        | |  2.0

Action                     |  1- 3 |  4- 6 |  7- 9 | 10-12 || total
---------------------------+-------+-------+-------+-------++-------
  Melee: Unarmed           |     2 |       |       |       ||     2
         Peck              |     2 |       |     4 |     5 ||    11
         Kick              |     1 |       |     5 |    11 ||    17
         Dagger            |     4 |       |       |       ||     4
         Short sword       |       |     1 |       |       ||     1
         Rapier            |       |       |    14 |    31 ||    45
  Throw: Dart              |       |       |       |     1 ||     1
         Throwing net      |       |       |       |     1 ||     1
   Cast: Shock             |    79 |    94 |   187 |   126 ||   486
         Static Discharge  |       |     2 |     6 |    12 ||    20
         Airstrike         |       |       |    42 |   123 ||   165
         Mercury Vapours   |       |       |       |     2 ||     2
         Swiftness         |       |       |       |     1 ||     1
  Evoke: Wand              |       |       |     2 |    14 ||    16
         Lightning rod     |       |       |       |     2 ||     2
    Use: Scroll            |       |     5 |     5 |     9 ||    19
         Potion            |       |     3 |     1 |     5 ||     9
 Armour: Robe              |    10 |       |       |    27 ||    37
         Leather armour    |       |    26 |    42 |    35 ||   103
  Dodge: Dodged            |    17 |    30 |    55 |    77 ||   179

Table legend: (Time is in decaauts)
 A = Elapsed time spent in this place.
 B = Non-inter-level travel time spent in this place.
 C = Inter-level travel time spent in this place.
 D = Time resting spent in this place.
 E = Time spent auto-exploring this place.
 F = Levels seen in this place.
 G = Mean time per level.
                   A        B        C        D        E       F      G
               +--------+--------+--------+--------+--------+-----+--------+
         Total |  15278 |  14442 |    836 |   3062 |   8593 |  12 | 1273.2 |
       Dungeon |  13514 |  12678 |    836 |   2482 |   7990 |  10 | 1351.4 |
         Sewer |    280 |    280 |      0 |      0 |    201 |   1 |  280.0 |
        Bailey |   1482 |   1482 |      0 |    580 |    402 |   1 | 1482.0 |
               +--------+--------+--------+--------+--------+-----+--------+

Top non-repeatable levels by time:
     D:7: 2230 daAuts
    D:10: 1798 daAuts
     D:6: 1605 daAuts
     D:1: 1561 daAuts
  Bailey: 1482 daAuts
     D:8: 1305 daAuts
     D:4: 1218 daAuts
     D:9: 1154 daAuts
     D:2: 969 daAuts
     D:3: 870 daAuts
     D:5: 800 daAuts
   Sewer: 280 daAuts
